 Dungeon Crawl Stone Soup version 0.29-a0-753-gb7bb9d756e (webtiles) character file.

Game seed: 6029055950217477177

163345 nlvdn the Unseen (level 17, -2/90 HPs)
             Began as a Spriggan Enchanter on June 30, 2022.
             Was the Champion of Dithmenos.
             Killed from afar by a naga mage (23 damage)
             ... with a bolt of poison
             ... on level 3 of the Snake Pit.
             The game lasted 01:33:41 (30758 turns).

nlvdn the Unseen (Spriggan Enchanter)              Turns: 30758, Time: 01:33:42

Health: -2/90      AC: 16    Str: 10    XL:     17   Next: 23%
Magic:  32/39      EV: 29    Int: 17    God:    Dithmenos [******]
Gold:   2587       SH:  0    Dex: 17    Spells: 29/50 levels left

rFire   . . .      SeeInvis +   B - +5 dagger (elec)
rCold   . . .      Faith    .   (no shield)
rNeg    . . .      Spirit   .   p - +2 steam dragon scales
rPois   .          Reflect  .   E - +2 hat
rElec   .          Harm     .   c - +2 cloak
rCorr   .          Rampage  .   (gloves unavailable)
Will    ++...                   (boots unavailable) Stlth *****+++++
                                e - amulet of magic regeneration
HPRegen 1.05/turn               H - ring of wizardry
MPRegen 0.66/turn               F - +4 ring of protection

@: lethally poisoned (-2 -> -8), wreathed by umbra, very quick
A: very small, no large weapons, unfitting armour, see invisible, speed 3,
regeneration 1
a: Renounce Religion, Shadow Step, Shadow Form


You were on level 3 of the Snake Pit.
You worshipped Dithmenos.
Dithmenos was exalted by your worship.
You visited 5 branches of the dungeon, and saw 27 of its levels.
You also visited: Sewer, Ice Cave and Volcano.

You collected 3664 gold pieces.
You spent 1077 gold pieces at shops.

Inventory:

Hand Weapons
 a - a +4 dagger of draining
 y - a +4 dagger of draining
 B - a +5 dagger of electrocution (weapon)
 O - a +3 rapier of electrocution
Missiles
 o - 17 curare-tipped darts (quivered)
 q - 5 atropa-tipped darts
 u - 41 poisoned darts
Armour
 c - a +2 cloak (worn)
 p - +2 steam dragon scales (worn)
 E - a +2 hat (worn)
Jewellery
 e - an amulet of magic regeneration (around neck)
 j - a ring of poison resistance
 x - a ring of protection from fire
 A - a ring of resist corrosion
 F - a +4 ring of protection (right hand)
 H - a ring of wizardry (left hand)
 K - a +4 ring of evasion
Wands
 b - a wand of iceblast (11)
 k - a wand of flame (23)
 n - a wand of mindburst (24)
 z - a wand of charming (5)
Scrolls
 i - 3 scrolls of amnesia
 m - 20 scrolls of identify
 s - 7 scrolls of teleportation
 Q - 3 scrolls of poison
Potions
 f - 2 potions of ambrosia
 g - 8 potions of might
 h - 10 potions of curing
 l - 7 potions of brilliance
 r - 5 potions of cancellation
 t - a potion of heal wounds
 v - 3 potions of magic
 w - 3 potions of lignification
 I - 3 potions of mutation
 M - 2 potions of invisibility
Miscellaneous
 J - a lightning rod (2/4)
 P - a condenser vane


   Skills:
 + Level 10.5 Fighting
 - Level 12.0 Short Blades
 + Level 16.2 Dodging
 + Level 20.9 Stealth
 + Level 17.0 Spellcasting
 + Level 18.1 Hexes


You had 29 spell levels left.
You knew the following spells:

 Your Spells              Type           Power      Damage    Failure   Level
a - Ensorcelled Hibernat  Hex/Ice        90%        N/A       1%          2
b - Tukima's Dance        Hex            66%        N/A       0%          3
c - Dazzling Flash        Conj/Hex       90%        N/A       1%          3
d - Confusing Touch       Hex            66%        N/A       0%          3
e - Blink                 Tloc           28%        N/A       2%          2
f - Discord               Hex            33%        N/A       6%          8

Your spell library contained the following spells:

 Spells                   Type           Power      Damage    Failure   Level
 Slow                     Hex            100%       N/A       0%          1
 Apportation              Tloc           28%        N/A       1%          1
 Magic Dart               Conj           56%        1d5       1%          1
 Necrotize                Necr           56%        1d6       1%          1
 Sandblast                Erth           28%        2d8       1%          1
 Summon Small Mammal      Summ           56%        N/A       1%          1
 Portal Projectile        Hex/Tloc       90%        N/A       1%          3
 Fulminant Prism          Conj/Hex       22%        3d13      1%          4
 Leda's Liquefaction      Hex/Erth       22%        N/A       1%          4
 Yara's Violent Unravell  Hex/Tmut       22%        3d10      1%          5
 Searing Ray              Conj           28%        2d5       2%          2
 Static Discharge         Conj/Air       14%        N/A       2%          2
 Call Canine Familiar     Summ           14%        N/A       4%          3
 Frozen Ramparts          Ice            28%        1d4       4%          3
 Gell's Gravitas          Tloc           14%        N/A       4%          3
 Ozocubu's Armour         Ice            14%        N/A       4%          3
 Teleport Other           Tloc           14%        N/A       4%          3
 Vampiric Draining        Necr           14%        2d7       4%          3
 Corpse Rot               Necr/Pois/Air  14%        N/A       16%         4
 Dispel Undead            Necr           14%        3d10      16%         4
 Ice Form                 Ice/Tmut       14%        N/A       16%         4
 Passage of Golubria      Tloc           14%        N/A       16%         4
 Sticky Flame             Conj/Fire      14%        2d4       16%         4
 Summon Ice Beast         Ice/Summ       14%        N/A       16%         4
 Summon Lightning Spire   Summ/Air       14%        N/A       16%         4
 Borgnjor's Vile Clutch   Necr/Erth      7%         N/A       41%         5
 Fireball                 Conj/Fire      7%         3d5       41%         5
 Iskenderun's Battlesphe  Conj           14%        2d7       41%         5
 Manifold Assault         Tloc           14%        N/A       41%         5
 Conjure Ball Lightning   Conj/Air       7%         3x3d6     91%         6
 Death Channel            Necr           7%         N/A       91%         6
 Dispersal                Tloc           7%         N/A       91%         6
 Iron Shot                Conj/Erth      7%         9d2       91%         6
 Statue Form              Tmut/Erth      9%         N/A       91%         6
 Orb of Destruction       Conj           7%         9d6       100%        7
 Ozocubu's Refrigeration  Ice            7%         4d6       100%        7
 Storm Form               Tmut/Air       7%         N/A       100%        7
 Disjunction              Tloc           7%         N/A       100%        8
 Maxwell's Capacitive Co  Air            7%         ∞         100%        8


Dungeon Overview and Level Annotations

Branches:
Dungeon (15/15)            Temple (1/1) D:5            Lair (6/6) D:9
 Shoals (0/4) Lair:4        Snake (3/4) Lair:3        Slime (0/5) Lair:5
    Orc (2/2) D:11            Elf (0/3) Orc:2        Vaults (0/5) D:13
 Depths (0/4) D:15          Sewer (visited)           IceCv (visited)
Volcano (visited)

Altars:
Ashenzari
Cheibriados
Dithmenos
Elyvilon
Fedhas
Gozag
Hepliaklqana
Kikubaaqudgha
Makhleb
Nemelex Xobeh
Okawaru
Qazlal
Ru
Sif Muna
Trog
Uskayaw
Vehumet
Wu Jian
Xom
Yredelemnul
Zin
The Shining One

Shops:
D:2 (   D:7 :!   Orc:2 [[:(   Snake:3 :


Innate Abilities, Weirdness & Mutations

You are very small and have problems with some larger weapons.
You are too small for most types of armour.
You have supernaturally acute eyesight. (SInv)
You cover ground extremely quickly. (Speed+++)
Your natural rate of healing is unusually fast.


Message History

You feel sick.
The naga mage mumbles some strange words.
The naga mage seems to speed up.
You feel sick. The nagaraja spits poison at you. The splash of poison hits you.
You are more poisoned.
The naga mage casts a spell at the nagaraja.
The nagaraja seems to grow toxic.
Unknown command.
Unknown command.
You feel very sick.
The nagaraja points at you and mumbles some strange words.
The bolt of poison hits you!!
You are more poisoned.
* * * LOW HITPOINT WARNING * * *
* * * LOW HITPOINT WARNING * * *
You feel very sick. The nagaraja casts a spell at you.
You easily resist.
* * * LOW HITPOINT WARNING * * *
You feel very sick.
The naga mage points at something and mumbles some strange words.
You feel better. The naga spits poison at you. The splash of poison misses you.
Unknown command.
Casting: Ensorcelled Hibernation (safe; 1% risk of failure)
Confirm with . or Enter, or press ? or * to list all spells.
The spell is quite dangerous to miscast (6% risk of failure)!
Continue anyway?
Casting: Discord (quite dangerous; 6% risk of failure)
Press: ? - help, Dir - look around, f - activate The nagaraja resists with almost no effort.
The naga mage flies into a frenzy!
The naga flies into a frenzy!
The naga mage resists with almost no effort.
The salamander flies into a frenzy!
The naga mage casts a spell at you.
The bolt of poison hits the naga.
The bolt of poison hits you!!
You are poisoned.
You die...

...........§§§§§§...#
.............§§§§..#
..........(..§§§§§.#
.......)......§§§§.N..#
..........>.§§N§N§..NN#
............N...N....##
#...........N........#
#....###.............#
#..## #.@.........$.#
#.. #.####+###!.[.#
#..##++#.# ...
######+#........# ..
................#
................#
.......######...##
.......+ #....###+
.......# +#........


You could see a nagaraja (fast, curare), a naga mage (fast), a neutral
salamander (fast, strong, insane, distracted), a neutral naga mage (fast,
strong, insane, curare, distracted) and a neutral naga (fast, strong, insane,
distracted, catching breath).

Vanquished Creatures
  Rupert (Lair:3)
  Gastronok (Lair:2)
  Roxanne (Snake:2)
  Aizul (Snake:2)
  Snorg (D:11)
  Josephine (D:13)
  A fire dragon (D:13)
  An ettin (Orc:1)
  4 vault guards (D:13)
  Fannar (Lair:2)
  A rakshasa (D:14)
  A great orb of eyes (D:15)
  3 ogre magi
  8 centaur warriors
  6 boulder beetles
  9 hydras
  4 catoblepae
  Erolcha (D:10)
  A death knight (D:13)
  A jorogumo (shapeshifter) (D:14)
  4 death yaks
  4 anacondas
  9 two-headed ogres
  3 naga warriors (Snake:1)
  A tengu warrior (D:13)
  A vampire mage (D:15)
  A shock serpent (shapeshifter) (D:13)
  4 shock serpents
  A soul eater (D:15)
  An orc high priest (Orc:1)
  A salamander mystic (Snake:1)
  4 naga sharpshooters
  A fire crab (Lair:6)
  2 deep trolls
  13 sea snakes
  A wizard (D:15)
  An orc knight (D:14)
  A necromancer (D:15)
  A mana viper (Snake:1)
  3 deep elf pyromancers
  An orc sorcerer (Orc:1)
  6 manticores
  An oklob plant (Lair:3)
  21 ugly things
  8 cyclopes
  A stone giant zombie (D:15)
  6 salamanders
  21 elephants
  2 stone giant skeletons (D:15)
  A rust devil (D:15)
  21 black mambas
  4 smoke demons (D:15)
  7 naga magi
  6 cane toads
  2 unseen horrors
  3 gargoyles
  2 orange demons (D:15)
  2 rime drakes
  A kobold demonologist (D:12)
  14 komodo dragons
  A yaktaur (D:12)
  An ice devil (D:15)
  An efreet (Volcano)
  2 freezing wraiths (D:14)
  A guardian mummy (D:15)
  3 meliai (D:13)
  16 trolls
  3 hornets
  Grinder (Sewer)
  4 polar bears
  A polar bear (shapeshifter) (D:14)
  11 slime creatures
  6 dream sheep (Lair:4)
  31 blink frogs
  A vampire (D:12)
  2 shadows (D:11)
  6 wraiths
  2 fire bats (Lair:6)
  A spriggan (Lair:2)
  2 ynoxinuls (D:15)
  6 wyverns
  3 chaos spawn (D:15)
  50 yaks
  5 basilisks
  2 fire elementals (Volcano)
  A steam dragon (D:8)
  2 neqoxecs (D:15)
  A harpy simulacrum (IceCv)
  7 vampire mosquitoes
  3 wargs
  5 acid dragons
  14 water moccasins
  14 nagas
  A human skeleton (D:15)
  An ice beast (D:5)
  4 black bears
  A sky beast (D:7)
  7 orc warriors
  29 wolves
  22 ogres
  6 centaurs
  A phantom (D:6)
  Blork the orc (D:4)
  5 kobold brigands
  A necrophage (D:4)
  14 bullfrogs
  4 scorpions
  A cane toad simulacrum (IceCv)
  A wight (D:8)
  9 killer bees
  An elephant simulacrum (IceCv)
  An electric eel (Lair:6)
  4 howler monkeys
  A lava snake (Lair:6)
  2 quasits (Sewer)
  6 jellies
  An orc priest (Orc:1)
  4 hounds
  2 gnoll shamans
  2 iguanas
  Natasha (thrice) (D:2 D:3)
  9 orc wizards
  6 hell rats (Lair:3)
  10 adders
  7 gnolls
  2 shadow imps
  2 white imps (D:6)
  7 ufetubi
  6 worms
  5 dart slugs
  28 orcs
  7 bats
  14 endoplasms
  12 giant cockroaches
  9 hobgoblins
  6 jackals
  6 quokkas
  13 ball pythons
  6 frilled lizards (D:1)
  8 goblins
  38 kobolds
  A kobold zombie (Sewer)
  7 rats
  A butterfly (D:5)
789 creatures vanquished.

Vanquished Creatures (collateral kills)
  Vashnia (Snake:2)
  2 two-headed ogres
  2 naga warriors (Snake:3)
  5 naga sharpshooters
  A salamander mystic (Snake:3)
  A skeletal warrior (D:15)
  A sixfirhy (D:15)
  2 sea snakes
  3 salamanders
  A mana viper (Snake:2)
  A deep elf pyromancer (D:15)
  A guardian serpent (Snake:3)
  2 naga magi
  2 black mambas
  2 tengu conjurers (D:15)
  An efreet (D:14)
  A red devil (D:15)
  A troll (Orc:2)
  Sigmund (D:3)
  11 nagas
  An orc warrior (D:10)
  3 ogres
  A centaur (Lair:4)
  A gnoll sergeant (D:11)
  9 wights
  4 electric eels
  An iguana (D:5)
  10 gnolls
  3 orcs
  A kobold (D:8)
76 creatures vanquished.

Vanquished Creatures (others)
  An anaconda (Snake:1)
  2 naga sharpshooters (Snake:2)
  A naga ritualist (Snake:1)
  A wizard (D:14)
  A deep elf pyromancer (D:14)
  A black mamba (Snake:2)
  A centaur simulacrum (D:14)
  A shadow (D:12)
  17 dancing weapons
  4 nagas
  2 ogres
  A hound (D:5)
  An iguana (D:5)
  An adder (D:5)
  2 orcs (D:5)
  A bat zombie (Sewer)
  A kobold (D:10)
  2 bushes (Lair:6)
  11 demonic plants (D:15)
  A fire vortex (Lair:6)
  23 fungi
  71 plants
  9 withered plants (D:15)
156 creatures vanquished.

Grand Total: 1021 creatures vanquished

Notes
Turn   | Place    | Note
-------+----------+-------------------------------------------
     0 | D:1      | nlvdn the Spriggan Enchanter began the quest for the Orb.
     0 | D:1      | Reached XP level 1. HP: 9/9 MP: 5/5
    67 | D:1      | Found a faded altar of an unknown god.
   129 | D:1      | Reached XP level 2. HP: 13/13 MP: 7/7
   155 | D:1      | Learned a level 2 spell: Ensorcelled Hibernation
  1076 | D:1      | Reached XP level 3. HP: 15/16 MP: 9/9
  1082 | D:1      | Learned a level 3 spell: Tukima's Dance
  1086 | D:1      | Learned a level 3 spell: Confusing Touch
  1264 | D:1      | You fall into a shaft and drop 1 floor!
  1706 | D:2      | Found Egeschext's Antique Weapon Shop.
  2096 | D:2      | Noticed Natasha
  2106 | D:2      | Killed Natasha
  2107 | D:2      | Reached skill level 5 in Hexes
  2107 | D:2      | Reached XP level 4. HP: 14/21 MP: 8/11
  2115 | D:2      | Noticed Natasha
  2121 | D:2      | Killed Natasha
  2238 | D:2      | Noticed Natasha
  2399 | D:3      | Killed Natasha
  2400 | D:3      | Reached skill level 5 in Spellcasting
  2400 | D:3      | Reached XP level 5. HP: 24/24 MP: 1/13
  3600 | D:3      | Found a glowing silver altar of Zin.
  3968 | D:3      | Found an iron altar of Okawaru.
  3969 | D:3      | Found a bloodstained altar of Trog.
  4166 | D:3      | Noticed Sigmund
  4177 | D:3      | Killed Sigmund
  4178 | D:3      | Reached skill level 5 in Stealth
  4178 | D:3      | Reached XP level 6. HP: 28/28 MP: 12/15
  4792 | D:4      | Reached skill level 6 in Stealth
  4815 | D:4      | Found a radiant altar of Vehumet.
  5086 | D:4      | Noticed Blork the orc
  5098 | D:4      | Killed Blork the orc
  5157 | D:4      | Reached XP level 7. HP: 25/32 MP: 17/17
  5345 | D:4      | Reached skill level 7 in Stealth
  5991 | D:5      | Entered Level 5 of the Dungeon
  6040 | D:5      | Found a sparkling altar of Nemelex Xobeh.
  6042 | D:5      | Found a hide-covered altar of Uskayaw.
  6043 | D:5      | Found a basalt altar of Yredelemnul.
  6059 | D:5      | Reached skill level 8 in Stealth
  6108 | D:5      | Reached XP level 8. HP: 26/36 MP: 18/20
  6306 | D:5      | Found a staircase to the Ecumenical Temple.
  6314 | Temple   | Entered the Ecumenical Temple
  6368 | Temple   | Became a worshipper of Dithmenos the Shadowed
  6429 | D:5      | Found a shimmering altar of Xom.
  6516 | D:5      | Reached skill level 9 in Stealth
  6516 | D:5      | Found a white marble altar of Elyvilon.
  6516 | D:5      | Found a broken altar of Ashenzari.
  6860 | D:5      | Found an opulent altar of Gozag.
  7024 | D:5      | Reached skill level 10 in Stealth
  7363 | D:6      | Noticed a troll
  7366 | D:6      | Killed a troll
  7415 | D:6      | Reached XP level 9. HP: 39/39 MP: 18/22
  7706 | D:6      | Found a glowing drain.
  7713 | Sewer    | Entered a sewer
  7721 | Sewer    | Reached * piety under Dithmenos
  7869 | Sewer    | Found a burning altar of Makhleb.
  8061 | Sewer    | Noticed Grinder
  8074 | Sewer    | Killed Grinder
  8075 | Sewer    | Reached skill level 1 in Fighting
  8723 | D:7      | Reached ** piety under Dithmenos
  8779 | D:7      | Reached skill level 11 in Stealth
  8783 | D:7      | Gained mutation: Your natural rate of healing is unusually
                  | fast. [potion of mutation]
  9141 | D:7      | Found Elagul's Book Boutique.
  9141 | D:7      | Found Byirom's Distillery.
  9158 | D:7      | Bought a potion of heal wounds for 65 gold pieces
  9158 | D:7      | Bought 2 potions of heal wounds for 130 gold pieces
  9158 | D:7      | Bought a potion of curing for 39 gold pieces
  9158 | D:7      | Bought a potion of curing for 39 gold pieces
  9158 | D:7      | Bought a potion of magic for 104 gold pieces
  9282 | D:7      | Reached skill level 10 in Hexes
  9749 | D:8      | Reached skill level 5 in Dodging
  9782 | D:8      | Reached XP level 10. HP: 47/47 MP: 22/24
  9841 | D:8      | Reached *** piety under Dithmenos
  9902 | D:8      | Reached skill level 10 in Spellcasting
 10516 | D:9      | Reached skill level 12 in Stealth
 10644 | D:9      | Found a burning altar of Makhleb.
 10995 | D:9      | Found a staircase to the Lair.
 11174 | D:10     | Entered Level 10 of the Dungeon
 11190 | D:10     | Noticed a gargoyle
 11197 | D:10     | Killed a gargoyle
 11198 | D:10     | Reached skill level 5 in Short Blades
 11280 | D:10     | Noticed Erolcha
 11337 | D:10     | Noticed a manticore
 11339 | D:10     | Killed a manticore
 11369 | D:10     | Identified the +1 leather armour "Angust" {Will+}
 11385 | D:10     | Reached XP level 11. HP: 53/53 MP: 13/26
 11540 | D:10     | Reached **** piety under Dithmenos
 11541 | D:10     | Reached skill level 13 in Stealth
 11857 | D:11     | Found a staircase to the Orcish Mines.
 11859 | D:11     | Noticed a purple ugly thing
 11865 | D:11     | Killed a purple ugly thing
 11960 | D:11     | Noticed Snorg
 11984 | D:11     | Killed Snorg
 12204 | D:11     | Noticed a two-headed ogre
 12211 | D:11     | Killed a two-headed ogre
 12414 | D:12     | Noticed a boulder beetle
 12445 | D:12     | Killed a boulder beetle
 12455 | D:12     | Reached skill level 14 in Stealth
 12457 | D:12     | Noticed a centaur warrior
 12459 | D:12     | Noticed a red ugly thing
 12461 | D:12     | Reached skill level 5 in Fighting
 12466 | D:12     | Noticed a two-headed ogre
 12489 | D:12     | Killed a centaur warrior
 12528 | D:12     | Killed a two-headed ogre
 12542 | D:12     | Reached XP level 12. HP: 60/60 MP: 18/28
 12806 | D:12     | Noticed a boulder beetle
 12806 | D:12     | Noticed a two-headed ogre
 12813 | D:12     | Killed a two-headed ogre
 12818 | D:12     | Noticed a boulder beetle
 12819 | D:12     | Killed a boulder beetle
 12869 | D:12     | Killed a boulder beetle
 12976 | D:12     | Reached ***** piety under Dithmenos
 12977 | D:12     | Reached skill level 15 in Stealth
 13057 | D:11     | Reached skill level 10 in Dodging
 13130 | D:12     | Noticed a boulder beetle
 13137 | D:12     | Killed a boulder beetle
 13487 | D:13     | Identified a scroll of acquirement
 13487 | D:13     | Acquired a +2 hat
 13512 | D:13     | Found a gate to the Vaults.
 13512 | D:13     | Noticed a death knight
 13512 | D:13     | Noticed a vault guard
 13512 | D:13     | Noticed a vault guard
 13512 | D:13     | Noticed a vault guard
 13512 | D:13     | Noticed a tengu warrior
 13512 | D:13     | Noticed a vault guard
 13512 | D:13     | Noticed a fire dragon
 13667 | D:13     | Noticed a centaur warrior
 13804 | D:13     | Killed a vault guard
 13902 | D:13     | Killed a death knight
 13907 | D:13     | Killed a vault guard
 13975 | D:13     | Killed a centaur warrior
 14009 | D:13     | Killed a fire dragon
 14016 | D:13     | Reached XP level 13. HP: 22/65 MP: 8/30
 14192 | D:13     | Noticed Josephine
 14270 | D:13     | Learned a level 3 spell: Dazzling Flash
 14273 | D:13     | Learned a level 2 spell: Blink
 14399 | D:13     | Killed Josephine
 14400 | D:13     | Reached skill level 16 in Stealth
 16068 | Lair:1   | Entered Level 1 of the Lair of Beasts
 16894 | Lair:1   | Reached XP level 14. HP: 72/72 MP: 32/32
 17087 | Lair:2   | Reached skill level 10 in Short Blades
 17192 | Lair:2   | You fall into a shaft and drop 1 floor!
 17199 | Lair:3   | Found a staircase to the Snake Pit.
 17211 | Lair:3   | Reached skill level 17 in Stealth
 17252 | Lair:3   | Noticed Rupert
 17257 | Lair:3   | Killed Rupert
 17279 | Lair:2   | Noticed Fannar
 17294 | Lair:2   | Killed Fannar
 17342 | Lair:2   | Noticed Gastronok
 17362 | Lair:2   | Killed Gastronok
 17473 | Lair:2   | Found a dark tunnel.
 17481 | Volcano  | Entered a volcano
 18314 | Lair:4   | Found a frozen archway.
 18340 | IceCv    | Entered an ice cave
 18343 | IceCv    | Found a transporter.
 18391 | IceCv    | Found a transporter.
 19415 | Lair:4   | Identified the +6 whip "Dragon's Tongue" {chaos, Fly rN+}
 19570 | Lair:4   | Found a staircase to the Shoals.
 20246 | Lair:5   | Found a staircase to the Slime Pits.
 20792 | Lair:5   | Reached skill level 18 in Stealth
 21107 | Lair:6   | Entered Level 6 of the Lair of Beasts
 21186 | Lair:6   | Reached skill level 15 in Hexes
 21186 | Lair:6   | Reached XP level 15. HP: 69/78 MP: 25/34
 21377 | Lair:6   | Reached skill level 15 in Spellcasting
 21500 | Lair:6   | Reached ****** piety under Dithmenos
 23165 | Orc:1    | Entered Level 1 of the Orcish Mines
 23248 | Orc:1    | Reached skill level 19 in Stealth
 23517 | Orc:2    | Entered Level 2 of the Orcish Mines
 23524 | Orc:2    | Found Pyabbov's Armour Shoppe.
 23525 | Orc:2    | Found Xagolouh's Antique Armour Emporium.
 23922 | Orc:2    | Found Ras Dor's Book Boutique.
 23937 | Orc:2    | Found Dopneha's Weapon Shoppe.
 23955 | Orc:2    | Bought a book of Chaos for 700 gold pieces
 23977 | Orc:2    | Learned a level 8 spell: Discord
 24229 | Orc:2    | Found a staircase to the Elven Halls.
 24438 | Orc:1    | Reached XP level 16. HP: 84/84 MP: 33/36
 24806 | D:15     | Entered Level 15 of the Dungeon
 24828 | D:15     | Found the +9 heavy crossbow "Sniper" {vorpal, Acc+∞ SInv}
 25839 | D:15     | Found a staircase to the Depths.
 26616 | Snake:1  | Entered Level 1 of the Snake Pit
 26899 | D:10     | Killed Erolcha
 27047 | D:14     | Reached skill level 15 in Dodging
 27349 | D:14     | Identified the +8 long sword "Makhler" {freeze, SInv}
 28235 | Snake:1  | Reached skill level 20 in Stealth
 28277 | Snake:1  | Reached skill level 10 in Fighting
 29364 | Snake:2  | Noticed Vashnia
 29378 | Snake:2  | Killed Vashnia
 29450 | Snake:2  | Noticed Aizul
 29530 | Snake:2  | Killed Aizul
 29610 | Snake:2  | Identified Roxanne's Catalogue of the Rocks
 29610 | Snake:2  | Noticed Roxanne
 29695 | Snake:2  | Killed Roxanne
 29850 | Snake:2  | Found a glowing silver altar of Zin.
 29868 | Snake:2  | Reached XP level 17. HP: 72/90 MP: 33/38
 30407 | Snake:3  | Found Tapt's Vocational Training.
 30647 | Snake:3  | Found a blossoming altar of Fedhas.
 30758 | Snake:3  | Killed from afar by a naga mage

Illustrated notes

Levels and vault maps discovered:
D:1:      dpeg_arrival_stonehenge_8_columns, layout_loops_cross,
          shapermc_ecumenical_altar_flowoftime
D:2:      layout_basic, serial_shops, shop,
          nicolae_concentric_dashed_squares_wild, minmay_heptomino_w4,
          uniq_natasha
D:3:      layout_basic, grunt_temple_overflow_bloody_war,
          mainiacjoe_overflow_boulevard, serial_corexii_hall,
          corexii_hall_statues_deadend, chequers_hall_statues_wall_a,
          corexii_hall_statues_l, corexii_hall_statues_i,
          corexii_hall_statues_x, corexii_hall_statues_u, kennysheep_donut,
          uniq_sigmund
D:4:      layout_basic, kennysheep_mini, serial_bayou_lake_a, uniq_blork_the_orc
D:5:      layout_loops_ring, lemuel_doored_altar, xom_confusion_cloud,
          grunt_temple_overflow_open, jmf_multi_god_temple,
          minmay_temple_entry_butterflies, grunt_ministairs_3
D:6:      layout_loops_ring, gup_sewer_entry_bubbles, minmay_small_thing
D:7:      layout_basic, nicolae_wooded_promenade
D:8:      layout_rooms, kennysheep_small_spiral
D:9:      layout_loops_ring, old_standard_altar, dpeg_oklobed_lair
D:10:     layout_big_octagon, uniq_erolcha
D:11:     layout_rooms, orc_0_dummy, uniq_snorg
D:12:     hangedman_cross_cluster, layout_rooms
D:13:     layout_rooms, lightli_vaults_fourway_checkpoint,
          hangedman_abyss_or_decor_stabs, nicolae_figureground_sparkle,
          uniq_josephine
D:14:     layout_layer_cave, roderic_cross_of_infinity, minivault_12
D:15:     gammafunk_depths_entry_grave, layout_stronghold, serial_demonic,
          serial_demonic_e, serial_demonic_f, serial_demonic_f,
          serial_demonic_b, serial_demonic_g, serial_demonic_g,
          serial_demonic_g, serial_demonic_g, serial_demonic_e, serial_demonic_g
Temple:   jpeg_temple_alley_garden
Lair:1:   layout_cave_pods, st_stairs_4, beast_lair_carwin_9, lemuel_fruit_tree
Lair:2:   layout_hall_layers, nicolae_volcano_entry_lava_flow,
          grunt_forest_large_clearing_hut, grunt_megastairs_3,
          lemuel_fruit_fields, uniq_fannar, uniq_gastronok
Lair:3:   layout_hall_layers, minmay_snake_entry_six_corridors, uniq_rupert
Lair:4:   layout_small_grid, minmay_shoals_entry_centaurs,
          portal_ice_cave_entry_pillars_1
Lair:5:   layout_misc_corridors, nicolae_slime_entry_slimehenge,
          beast_lair_carwin_2, grunt_megastairs_2
Lair:6:   evilmike_catoblepas_cave, layout_gridlike, nicolae_lair_grazing_beasts
          [nicolae_sub_lair_graze_edge, nicolae_sub_lair_graze_edge,
          nicolae_sub_lair_graze_edge, nicolae_sub_lair_graze_edge],
          grunt_megastairs_5
Snake:1:  minmay_snake_river, layout_misc_corridors, nicolae_triple_integral,
          serial_bayou_shore_a
Snake:2:  layout_basic, basic_altar, uniq_aizul, uniq_roxanne, uniq_vashnia
Snake:3:  layout_cave_town, basic_altar, nicolae_shop_vocational
Orc:1:    layout_diamond_mine, serial_shops, rock_pile
Orc:2:    st_orc_open, layout_caves

Skill      XL: |  1  2  3  4  5  6  7  8  9 10 11 12 13 14 15 16 17 |
---------------+----------------------------------------------------+-----
Spellcasting   | 3 4 5 6 7 8 9 10 11 12 13 14 15 16 17 | 17.0
Hexes          | 4 5 6 7 9 10 11 12 13 14 15 16 17 18 | 18.1
Stealth        | 5 6 8 10 11 12 14 15 16 18 19 20 | 20.9
Dodging        | 5 7 8 10 12 13 14 15 16 | 16.2
Fighting       | 2 3 5 6 7 8 9 10 | 10.5
Short Blades   | 3 5 7 8 9 11 12 | 12.0

Action                   |  1- 3 |  4- 6 |  7- 9 | 10-12 | 13-15 | 16-18 || total
-------------------------+-------+-------+-------+-------+-------+-------++-------
Melee: Dagger            |   141 |   194 |   327 |   326 |  1198 |   497 ||  2683
       Punch             |     1 |     2 |     2 |     3 |    13 |    10 ||    31
 Cast: Ensorcelled Hiber |    13 |    19 |    60 |   119 |   291 |    75 ||   577
       Tukima's Dance    |       |     3 |    13 |    47 |    35 |    26 ||   124
       Confusing Touch   |       |     2 |    10 |    15 |    20 |    26 ||    73
       Dazzling Flash    |       |       |       |       |    54 |    14 ||    68
       Discord           |       |       |       |       |       |    18 ||    18
Invok: Shadow Step       |       |       |       |     1 |     9 |     2 ||    12
Evoke: Wand              |       |       |       |     6 |     4 |    18 ||    28
       Lightning rod     |       |       |       |       |       |     5 ||     5
       Condenser vane    |       |       |       |       |       |     2 ||     2
  Use: Scroll            |     3 |     8 |     5 |     9 |     9 |     6 ||    40
       Potion            |       |     1 |     4 |     8 |     3 |    14 ||    30
 Stab: Sleeping          |    15 |    14 |    59 |    71 |   226 |    64 ||   449
       Confused          |       |     1 |     7 |    14 |    21 |    24 ||    67
       Distracted        |       |       |     1 |     2 |    13 |     5 ||    21
       Invisible         |       |       |       |     2 |    38 |     8 ||    48
       Petrified         |       |       |       |       |     2 |       ||     2
Armor: Robe              |    12 |    22 |    34 |       |     5 |       ||    73
       Steam dragon scal |       |       |       |    37 |   216 |    41 ||   294
Dodge: Dodged            |   105 |   139 |   294 |   317 |  1688 |   379 ||  2922

Table legend: (Time is in decaauts)
 A = Elapsed time spent in this place.
 B = Non-inter-level travel time spent in this place.
 C = Inter-level travel time spent in this place.
 D = Time resting spent in this place.
 E = Time spent auto-exploring this place.
 F = Levels seen in this place.
 G = Mean time per level.
                   A        B        C        D        E       F      G
               +--------+--------+--------+--------+--------+-----+--------+
         Total |  21678 |  20286 |   1392 |   2211 |  12089 |  30 |  722.6 |
       Dungeon |  12843 |  11954 |    889 |   1116 |   7625 |  15 |  856.2 |
        Temple |     57 |     35 |     22 |      0 |     18 |   1 |   57.0 |
          Lair |   4670 |   4296 |    374 |    650 |   2303 |   6 |  778.3 |
     Snake Pit |   2152 |   2122 |     30 |    348 |   1064 |   3 |  717.3 |
  Orcish Mines |   1051 |    975 |     76 |     64 |    535 |   2 |  525.5 |
         Sewer |    630 |    630 |      0 |     18 |    413 |   1 |  630.0 |
      Ice Cave |     69 |     69 |      0 |     14 |      0 |   1 |   69.0 |
       Volcano |    204 |    204 |      0 |      0 |    129 |   1 |  204.0 |
               +--------+--------+--------+--------+--------+-----+--------+

Top non-repeatable levels by time:
     D:2: 1323 daAuts
    D:14: 1198 daAuts
 Snake:1: 1192 daAuts
     D:3: 1165 daAuts
     D:1: 1143 daAuts
    D:15: 1079 daAuts
  Lair:6: 1021 daAuts
     D:4: 941 daAuts
  Lair:3: 932 daAuts
    D:13: 882 daAuts
    D:12: 813 daAuts
     D:5: 806 daAuts
  Lair:5: 785 daAuts
  Lair:1: 736 daAuts
 Snake:2: 731 daAuts
